 Dungeon Crawl Stone Soup version 0.23-a0-49-gd9f7a49668 (webtiles) character file.

48 LLavrengius the Insei (level 3, 0/23 HPs)
             Began as an Octopode Transmuter on Aug 6, 2018.
             Killed by divine providence
             ... invoked by an orc priest
              (16 damage)
             ... on level 3 of the Dungeon.
             The game lasted 00:05:14 (2009 turns).

LLavrengius the Insei (Octopode Transmuter)         Turns: 2009, Time: 00:05:15

Health: 0/23       AC:  1    Str:  9    XL:     3   Next: 72%
Magic:  6/6        EV: 14    Int: 15    God:
Gold:   45         SH:  6    Dex: 13    Spells: 3/6 levels left

rFire    + . .     SeeInvis .     - Unarmed
rCold    x . .     Gourm    .   (no shield)
rNeg     . . .     Faith    .   (helmet restricted)
rPois    .         Spirit   .   b - +6 amulet of reflection
rElec    .         Reflect  +   o - ring of fire
rCorr    .         Harm     .   (no ring)
MR       .....                  (no ring)
Stlth    ++........             (no ring)
HPRegen  0.07/turn              (no ring)
MPRegen  0.10/turn              (no ring)
                                (no ring)
                                (no ring)

@: appendage
A: almost no armour, stealthy swim, amphibious, 8 rings, constrict 8, tentacle
spike 3, camouflage 1, gelatinous body 1
a: End Transformation


You were on level 3 of the Dungeon.
You were not hungry.
One of your tentacles had a temporary spike.
You visited 1 branch of the dungeon, and saw 3 of its levels.

You collected 45 gold pieces.

Inventory:

Missiles
 a - 38 arrows
 h - 6 stones (quivered)
 l - 19 sling bullets
Armour
 m - a +0 shield
Jewellery
 b - a +6 amulet of reflection (around mantle)
 o - a ring of fire (left tentacle)
 r - an uncursed ring of protection from magic {unknown}
Scrolls
 d - 3 scrolls of identify {unknown}
 e - a scroll of blinking {unknown}
 g - a scroll of fog {unknown}
 i - 2 scrolls of remove curse {unknown}
 k - a scroll of immolation {unknown}
 q - a scroll of fear {unknown}
Potions
 f - 2 potions of agility {unknown}
 j - a potion of lignification {unknown}
 n - a potion of curing {unknown}
Comestibles
 c - 2 rations
 p - 2 chunks of flesh


   Skills:
 + Level 1.5 Fighting
 + Level 2.7 Dodging
 + Level 3.5 Unarmed Combat
 - Level 2.0 Spellcasting
 + Level 2.5 Transmutations


You had 3 spell levels left.
You knew the following spells:

 Your Spells              Type           Power        Failure   Level  Hunger
a - Beastly Appendage     Tmut           #.....       8%          1    #......
b - Sticks to Snakes      Tmut           #.......     12%         2    ###....

Your spell library contained the following spells:

 Spells                   Type           Power        Failure   Level  Hunger
 Spider Form              Tmut/Pois      #.........   36%         3    ###....
 Blade Hands              Tmut           #.........   91%         5    ######.
 Ice Form                 Ice/Tmut       #.......     78%         4    #####..


Dungeon Overview and Level Annotations

Branches:
Dungeon (3/15)

Altars:
Cheibriados
Nemelex Xobeh


Innate Abilities, Weirdness & Mutations

You cannot wear most types of armour.
You are very stealthy in the water. (Stealth+)
You are amphibious.
You can wear up to eight rings at the same time.
You can use your tentacles to constrict eight enemies at once.
Your skin changes colour to match your surroundings (Stealth+).
Your rubbery body absorbs attacks. (AC +1, EV +1)
One of your tentacles bears a large vicious spike.


Message History

The orc is heavily wounded.
You constrict the orc. The orc hits you.
You tentacle-slap the orc.
You kill the orc!
You tentacle-slap the orc priest. Your grab misses the orc priest.
You pierce the orc priest.
The orc priest is heavily wounded.
You tentacle-slap the orc. You grab the orc.
The orc is moderately wounded.
You constrict the orc, but do no damage.
You tentacle-slap the orc.
The orc is heavily wounded.
You constrict the orc. The orc barely misses you.
You tentacle-slap the orc but do no damage.
You pierce the orc.
You kill the orc!
The orc priest mumbles some strange prayers to Beogh against you.
Beogh smites you!
Ouch! That really hurt!
You die...

#.# #.#.. #.#
#.#.# #.#
#.#.#
#.####.#.#
#.##.....#
#.##.....#
#.##.....#
#.####.#.#
#o@.[..#.#
###########.#
.........<#.#
#########.#.#
#.#.#
#.#.######
#.#......#
#.######.#
#......#.#


You could see an orc priest.

Vanquished Creatures
  An adder (D:3)
  2 worms (D:2)
  3 dart slugs
  A leopard gecko (D:3)
  2 orcs (D:3)
  4 bats (D:1)
  A giant cockroach (D:1)
  2 hobgoblins
  2 kobolds
  A ball python (D:2)
  A frilled lizard (D:2)
  2 goblins (D:2)
  3 rats
25 creatures vanquished.

Notes
Turn   | Place    | Note
-------+----------+-------------------------------------------
     0 | D:1      | LLavrengius the Octopode Transmuter began the quest for the Orb.
     0 | D:1      | Reached XP level 1. HP: 13/13 MP: 3/3
   194 | D:1      | Reached XP level 2. HP: 18/18 MP: 5/5
   213 | D:1      | Learned a level 2 spell: Sticks to Snakes
  1238 | D:2      | Found a snail-covered altar of Cheibriados.
  1469 | D:2      | Found a sparkling altar of Nemelex Xobeh.
  1500 | D:2      | Reached XP level 3. HP: 23/23 MP: 6/6
  2009 | D:3      | Killed from afar by an orc priest

Vault maps used:
D:1:      scummos_arrival_star, minmay_misc_feat_roman
D:2:      old_standard_altar, kennysheep_slug_shrine, serial_glass,
          glass_columns_a, glass_columns_a, first_ration
D:3:      nicolae_ru_awakened_eye, elyvilon_altar_4, minmay_snake_closets

Action                   || total
-------------------------++-------
Melee: Unarmed           ||    71
       Constrict         ||    17
       Tentacles         ||    10
       Kick              ||     6
       Punch             ||     2
 Cast: Beastly Appendage ||     7
 Stab: Sleeping          ||     4
  Eat: Chunk             ||     3
Armor: Skin              ||     3
Dodge: Dodged            ||    33
Block: Other             ||    13

Table legend:
 A = Spawn XP
 B = Non-spawn XP
 C = Spawn XP percentage of total XP
 D = Spawn monster count
 E = Non-spawn monster count
 F = Spawn count percentage of total count
 G = Total turns spent on level
                    A         B        C        D         E        F      G
               +---------+---------+-------+---------+---------+-------+---------
         Total |       0 |      69 |   0.0 |       0 |      25 |   0.0 |  2009
               +---------+---------+-------+---------+---------+-------+---------
           D:1 |       0 |      20 |   0.0 |       0 |       9 |   0.0 |  1035
           D:2 |       0 |      25 |   0.0 |       0 |      11 |   0.0 |   683
           D:3 |       0 |      24 |   0.0 |       0 |       5 |   0.0 |   291
               +---------+---------+-------+---------+---------+-------+---------
